 Dungeon Crawl Stone Soup version 0.24-a0-809-g71cb82dfb8 (webtiles) character file.

Game seed: 12757328261953227527, levelgen mode: deterministic

2522 Johnny the Digger (level 9, -6/73 HPs)
             Began as a Demigod Earth Elementalist on Oct 10, 2019.
             Mangled by a hornet (15 damage)
             ... on level 8 of the Dungeon.
             The game lasted 00:09:00 (7629 turns).

Johnny the Digger (Demigod Earth Elementalist)      Turns: 7629, Time: 00:09:01

Health: -6/73      AC:  4    Str: 15    XL:     9   Next: 8%
Magic:  13/20      EV: 15    Int: 25    God:
Gold:   125        SH:  0    Dex: 16    Spells: 5/18 levels left

rFire    + . .     SeeInvis .   c - +3 quarterstaff "Qis Hod" {venom, +Rage +Inv MR- Str+4}
rCold    . . .     Gourm    .   (shield currently unavailable)
rNeg     . . .     Faith    .   y - +0 robe {MR+}
rPois    .         Spirit   .   q - +0 helmet
rElec    .         Reflect  .   e - +0 cloak
rCorr    .         Harm     .   (no gloves)
MR       .....                  (no boots)
Stlth    ++........             (no amulet)
HPRegen  0.22/turn              o - +2 ring of slaying
MPRegen  0.17/turn              n - ring of protection from fire

@: lethally poisoned (-6 -> -21), very slightly contaminated, slowed, very slow
A: high mp 1
a: Evoke Berserk Rage, Evoke Invisibility


You were on level 8 of the Dungeon.
You were very hungry.

You visited 1 branch of the dungeon, and saw 8 of its levels.

You collected 357 gold pieces.
You spent 232 gold pieces at shops.

Inventory:

Hand Weapons
 c - the +3 quarterstaff "Qis Hod" (weapon) {venom, +Rage +Inv MR- Str+4}
   (You found it on level 5 of the Dungeon)

   It poisons the flesh of those it strikes.
   It affects your strength (+4).
   It affects your resistance to hostile enchantments.
   It lets you turn invisible.
   It lets you go berserk.
 i - a +2 whip of freezing
 m - a +3 dagger of venom
 r - a -1 trident
Missiles
 b - 187 stones (quivered)
Armour
 e - a +0 cloak (worn)
 q - a +0 helmet (worn)
 y - a +0 robe of magic resistance (worn)
Magical Staves
 C - an uncursed staff of wizardry {unknown}
Jewellery
 n - a ring of protection from fire (right hand)
 o - a +2 ring of slaying (left hand)
Scrolls
 g - 2 scrolls of fog {unknown}
 h - a scroll of amnesia {unknown}
 j - a scroll of enchant armour {unknown}
 k - 3 scrolls of teleportation
 l - 4 scrolls of remove curse
 p - a scroll of fear {unknown}
 u - a scroll of identify {unknown}
 z - a scroll of immolation {unknown}
 D - 3 scrolls of noise {unknown}
Potions
 a - a potion of magic {unknown}
 f - a potion of might {unknown}
 s - a potion of berserk rage {unknown}
 t - a potion of ambrosia
 v - a potion of resistance {unknown}
 w - 2 potions of cancellation {unknown}
 x - a potion of flight
 A - a potion of heal wounds
 B - a potion of curing {unknown}
Comestibles
 d - 16 rations


   Skills:
 + Level 4.9 Fighting
 + Level 5.4 Dodging
 - Level 1.7 Stealth
 + Level 5.0 Spellcasting
 - Level 0.8 Transmutations
 * Level 7.8 Earth Magic


You had 5 spell levels left.
You knew the following spells:

 Your Spells              Type           Power        Failure   Level  Hunger
a - Sandblast             Erth           #####.       1%          1    None
b - Stone Arrow           Conj/Erth      ####..       4%          3    ##.....
c - Lee's Rapid Deconstr  Erth           #####.....   9%          5    #####..
d - Petrify               Tmut/Erth      ####....     14%         4    ####...

Your spell library contained the following spells:

 Spells                   Type           Power        Failure   Level  Hunger
 Passwall                 Tmut/Erth      ####....     1%          2    None
 Animate Skeleton         Necr           N/A          9%          1    None
 Apportation              Tloc           #.....       9%          1    None
 Confusing Touch          Hex            #.....       9%          1    None
 Summon Small Mammal      Summ           #...         9%          1    None


Dungeon Overview and Level Annotations

Branches:
Dungeon (8/15)             Temple (0/1) D:7
   Lair: D:8-11

Shops:
D:6 *((

Annotations:
D:8 Psyche


Innate Abilities, Weirdness & Mutations

You have an increased reservoir of magic. (+10% MP)


Message History

You feel sick. The hornet stings you.
You are more poisoned.
You feel as though you will be slow longer.
Casting: Sandblast (safe; 1% risk of failure)
Confirm with . or Enter, or press ? or * to list all spells.
Aiming: Lee's Rapid Deconstruction (slightly dangerous; 9% risk of failure)
Press: ? - help, Dir - move target cursor, p - hornet A rock wall.
The wall shatters!
The blast of rock fragments hits the orc!!
You kill the orc!
The blast of rock fragments hits the ogre!!
The ogre is severely wounded.
The blast of rock fragments hits the hornet.
The hornet is heavily wounded.
You feel sick. The hornet closely misses you. The hornet stings you!
* * * LOW HITPOINT WARNING * * *
You feel as though you will be slow longer.
The hornet stings you!
You die...

..#.. #....
#....
###...#
#...>.###
#...# #O#.#
#y#....r...
#@##.......
#.# .......
#.# .......
# #.#
....... .
.# #.#
#...... .
#. ##[#
#..... . ..
##..# ##
.## . #..##
... ..##.#
#.## ..


You could see a hornet and an ogre.

Vanquished Creatures
  A two-headed ogre (D:7)
  An ice beast (D:6)
  An ogre (D:5)
  A sky beast (D:5)
  3 centaurs
  3 scorpions
  4 wights (D:7)
  A howler monkey (D:4)
  2 crimson imps (D:7)
  4 orc priests
  2 bullfrog skeletons
  5 hounds
  2 iguanas
  7 orc wizards
  5 worker ants
  A killer bee zombie (D:6)
  A hound skeleton (D:6)
  9 adders
  2 shadow imps (D:7)
  An ooze (D:1)
  An adder zombie (D:7)
  4 worms
  An adder skeleton (D:5)
  2 dart slugs
  8 leopard geckos
  19 orcs
  3 ball pythons
  5 bats
  6 giant cockroaches
  12 hobgoblins
  3 jackals (D:7)
  8 kobolds
  A quokka (D:8)
  8 frilled lizards
  9 goblins
  A jackal skeleton (D:5)
  4 rats
151 creatures vanquished.

Notes
Turn   | Place    | Note
-------+----------+-------------------------------------------
     0 | D:1      | Johnny the Demigod Earth Elementalist began the quest for
                  | the Orb.
     0 | D:1      | Reached XP level 1. HP: 14/14 MP: 5/5
   412 | D:1      | Reached skill level 3 in Earth Magic
   412 | D:1      | Reached XP level 2. HP: 16/22 MP: 7/7
   829 | D:2      | Found a shattered altar of Ashenzari.
   913 | D:2      | Reached XP level 3. HP: 27/27 MP: 8/8
   987 | D:2      | Found a sacrificial altar of Ru.
   995 | D:2      | Reached skill level 1 in Fighting
  1123 | D:2      | Reached XP level 4. HP: 19/35 MP: 6/10
  1642 | D:2      | Found a glowing golden altar of the Shining One.
  2325 | D:3      | Reached skill level 4 in Earth Magic
  2332 | D:3      | Reached XP level 5. HP: 35/41 MP: 9/11
  2835 | D:4      | Reached XP level 6. HP: 26/48 MP: 13/13
  3951 | D:5      | Entered Level 5 of the Dungeon
  4379 | D:5      | Reached skill level 5 in Earth Magic
  4519 | D:5      | Reached XP level 7. HP: 35/56 MP: 7/15
  5043 | D:5      | Got a pitted quarterstaff
  5044 | D:5      | Identified the cursed +3 quarterstaff "Qis Hod" {venom,
                  | +Rage +Inv MR- Str+4} (You found it on level 5 of the
                  | Dungeon)
  5098 | D:6      | Learned a level 3 spell: Stone Arrow
  5104 | D:6      | Learned a level 5 spell: Lee's Rapid Deconstruction
  5109 | D:6      | Learned a level 4 spell: Petrify
  5128 | D:6      | Reached skill level 6 in Earth Magic
  5380 | D:6      | Found Gouript's Antique Weapon Shoppe.
  5413 | D:6      | Reached XP level 8. HP: 25/66 MP: 10/17
  5764 | D:6      | Found Uqaceall's Weapon Shop.
  5772 | D:6      | Bought 10 stones for 14 gold pieces
  5772 | D:6      | Bought 18 stones for 25 gold pieces
  5772 | D:6      | Bought 20 stones for 28 gold pieces
  5805 | D:6      | Found Cyvavorch's Assorted Antiques.
  5813 | D:6      | Bought a potion of heal wounds for 165 gold pieces
  6020 | D:7      | Noticed a two-headed ogre
  6519 | D:7      | Found a staircase to the Ecumenical Temple.
  6767 | D:7      | Reached skill level 7 in Earth Magic
  6941 | D:7      | Found a burning altar of Makhleb.
  7081 | D:7      | Killed a two-headed ogre
  7081 | D:7      | Reached skill level 5 in Dodging
  7081 | D:7      | Reached XP level 9. HP: 32/73 MP: 2/20
  7484 | D:8      | Noticed Psyche
  7491 | D:7      | Reached skill level 5 in Spellcasting
  7623 | D:8      | Paralysed by a hornet for 3 turns
  7629 | D:8      | Mangled by a hornet

Levels and vault maps discovered:
D:1:      dpeg_arrival_arbitrary_b, layout_loops_ring, feat_on_display
D:2:      layout_rooms, nicolae_tso_swordbearing_angel,
          nicolae_ru_great_annihilating_truth, ashenzari_conservatory_becter,
          minmay_circled_x
D:3:      layout_basic, st_stairs_12
D:4:      layout_loops_ring, serial_bayou_pond_c, serial_bayou_crossing
D:5:      layout_basic, first_ration
D:6:      layout_loops_ring, serial_shops, shop, nicolae_shop_trees,
          nicolae_shop_behind_doors
D:7:      layout_basic, lemuel_coloured_pillars_altar, minmay_temple_entry_tees
D:8:      layout_rooms, basic_altar, uniq_psyche

Skill      XL: |  1  2  3  4  5  6  7  8  9 |
---------------+----------------------------+-----
Dodging        | 2 3 4 5 |  5.4
Earth Magic    | 3 4 5 6 7 |  7.8
Spellcasting   | 2 3 4 5 |  5.0
Fighting       | 1 2 3 4 |  4.9
Stealth        | |  1.7
Transmutations | |  0.8

Action                   |  1- 3 |  4- 6 |  7- 9 || total
-------------------------+-------+-------+-------++-------
Melee: Unarmed           |    26 |       |       ||    26
       Short sword       |    50 |    47 |       ||    97
       Dagger            |       |    49 |    18 ||    67
       Whip              |       |    18 |       ||    18
       Quarterstaff      |       |       |    88 ||    88
 Cast: Sandblast         |    26 |    42 |    51 ||   119
       Lee's Rapid Decon |       |       |     5 ||     5
       Petrify           |       |       |     2 ||     2
  Use: Potion            |       |     4 |       ||     4
       Scroll            |       |     6 |     2 ||     8
 Stab: Sleeping          |     8 |     6 |     2 ||    16
  Eat: Chunk             |     1 |     7 |     1 ||     9
       Ration            |       |     2 |     2 ||     4
Armor: Robe              |    19 |    27 |    27 ||    73
Dodge: Dodged            |    68 |    83 |    96 ||   247

Table legend:
 A = Non-vault XP
 B = Vault XP
 C = Vault XP percentage of total XP
 D = Non-vault monster count
 E = Vault monster count
 F = Vault count percentage of total count
                 A         B        C        D         E       F
            +---------+---------+-------+---------+---------+-------
      Total |    3539 |      64 |   1.8 |     140 |      11 |   7.3
            +---------+---------+-------+---------+---------+-------
        D:1 |      39 |       0 |   0.0 |      19 |       0 |   0.0
        D:2 |      41 |      57 |  58.2 |      19 |       8 |  29.6
        D:3 |     133 |       7 |   5.0 |      27 |       3 |  10.0
        D:4 |     368 |       0 |   0.0 |      14 |       0 |   0.0
        D:5 |     629 |       0 |   0.0 |      17 |       0 |   0.0
        D:6 |     562 |       0 |   0.0 |      15 |       0 |   0.0
        D:7 |    1759 |       0 |   0.0 |      26 |       0 |   0.0
        D:8 |       8 |       0 |   0.0 |       3 |       0 |   0.0
            +---------+---------+-------+---------+---------+-------
